 Dungeon Crawl Stone Soup version 0.31.0-32-g396128a36d (webtiles) character file.

Game seed: 9771233151848020578

3 H0rd4k the Charlatan (level 1, 0/13 HPs)
             Began as an Octopode Artificer on Apr 25, 2024.
             Frozen to death by an endoplasm (5 damage)
             ... on level 1 of the Dungeon.
             The game lasted 00:00:48 (55 turns).

H0rd4k the Charlatan (Octopode Artificer)             Turns: 55, Time: 00:00:48

Health: 0/13       AC:  1    Str: 11    XL:     1   Next: 50%
Magic:  1/1        EV: 13    Int: 13    God:
Gold:   0          SH:  0    Dex: 12    Spells: 0/0 levels left

rFire   . . .        (no weapon)
rCold   . . .        (no shield)
rNeg    . . .        (helmet restricted)
rPois   .            (no amulet)
rElec   .            (no ring)
rCorr   .            (no ring)
SInv    .            (no ring)
Will    .....        (no ring)
Stlth   +++          (no ring)
HPRegen 0.22/turn    (no ring)
MPRegen 0.07/turn    (no ring)
                     (no ring)

%: no passive effects
@: no status effects
A: almost no armour, amphibious, 8 rings, camouflage 1, gelatinous body 1,
(nimble swimmer 1), tentacles
a: no special abilities


You were on level 1 of the Dungeon.
You visited 1 branch of the dungeon, and saw 1 of its levels.

Inventory:

Wands
 b - a wand of flame (15) (quivered)
 c - a wand of charming (15)
 d - a wand of iceblast (5)


   Skills:
 + Level 1.2 Fighting
 - Level 2.3 Dodging
 - Level 1.3 Stealth
 + Level 0.4 Unarmed Combat
 - Level 3.2 Evocations


You couldn't memorise any spells.
You didn't know any spells.
Your spell library was empty.

Dungeon Overview and Level Annotations

Branches:
Dungeon (1/15)

Altars:


Innate Abilities, Weirdness & Mutations

You cannot wear most types of armour.
You are amphibious.
You can wear up to eight rings at the same time.
Your skin changes colour to match your surroundings (Stealth+).
Your rubbery body absorbs attacks. (AC +1, EV +1)
((You are camouflaged when in or above water. (Stealth+)))
You have tentacles for arms and can constrict up to eight enemies at once.


Message History

The endoplasm jiggles.
The bat barely misses you.
You completely miss the bat. You grab the bat. You squeeze the bat.
You kill the bat!
You tentacle-slap the endoplasm.
The endoplasm is lightly wounded.
The endoplasm closely misses you.
You tentacle-slap the endoplasm.
You squeeze the endoplasm, but do no damage.
The endoplasm is heavily wounded.
The endoplasm misses you.
You tentacle-slap the endoplasm but do no damage.
The endoplasm is heavily wounded.
The endoplasm hits you.
You tentacle-slap the endoplasm.
You kill the endoplasm!
You completely miss the kobold. Your grab misses the kobold.
The kobold hits you with a +0 short sword.
You barely miss the kobold. Your grab misses the kobold.
You squeeze the kobold, but do no damage.
An endoplasm comes into view.
The kobold misses you.
You tentacle-slap the kobold. You grab the kobold.
The kobold is severely wounded.
You constrict the kobold.
You kill the kobold!
You tentacle-slap the endoplasm but do no damage.
The endoplasm freezes you.
You are frozen.
You tentacle-slap the endoplasm.
The endoplasm is moderately wounded.
The endoplasm closely misses you.
You tentacle-slap the endoplasm but do no damage.
The endoplasm is moderately wounded.
The endoplasm completely misses you.
You tentacle-slap the endoplasm.
The endoplasm is almost dead.
The endoplasm freezes you.
You are frozen.
You die...

##...........# #
#............#..
#...............
...............#
..........!.....
#K..........#
####.#...##..
####...###
##.@J...#
##..###..# # #..##
#.##
#..#####.####...
#.>..............
#...###...........
#. #.......#....
#..........
#.......#..


You could see an endoplasm.

Vanquished Creatures
  An endoplasm (D:1)
  A kobold (D:1)
  A bat (D:1)
3 creatures vanquished.

Notes
Turn   | Place    | Note
-------+----------+-------------------------------------------
     0 | D:1      | H0rd4k the Octopode Artificer began the quest for the Orb.
     0 | D:1      | Reached XP level 1. HP: 13/13 MP: 1/1
    55 | D:1      | Frozen to death by an endoplasm

Illustrated notes

Levels and vault maps discovered:
D:1:      lightli_arrival_statue_moat, layout_rooms, st_stairs_14,
          minmay_close_crescents

Action                     || total
---------------------------++-------
  Melee: Unarmed           ||    12
         Tentacles         ||     3
         Constrict         ||     2
 Armour: Skin              ||     2
  Dodge: Dodged            ||    12
